Map: Prion Terraces

Players

Happy - Winner!

  • Race: Terran Terran
  • League: Diamond

Zanster

  • Race: Zerg Zerg

Event: DreamHack ROCCAT LotV Championship

VOD

Have the link to the VOD?

Description

Time

  • Played on: Nov. 26, 2015, 3:59 p.m.
  • Length: 38:13

All games in this series

Show
View Real Time Build Order
Export as new Build Order

Happy Terran - Winner!

Build Orders: Reaper Expand, Hellion Banshee, MMM Bio 

Get SALT Encoding   

  12  0:01  SCV  
  13  0:13  SCV  
  14  0:17  Supply Depot  
  14  0:25  SCV  
  15  0:38  SCV  
  15  0:39  Barracks  
  16  0:43  Refinery  
  16  0:50  SCV  
  17  1:03  SCV  
  18  1:15  SCV  
  19  1:27  Reaper, Orbital Command  
  20  1:39  Command Center  
  20  1:46  Refinery  
  20  1:52  SCV  
  21  1:58  Supply Depot  
  21  2:04  SCV  
  22  2:10  Factory  
  22  2:16  Barracks Reactor  
  22  2:20  SCV  
  23  2:40  SCV  
  24  2:52  SCV, Orbital Command  
  24  2:56  Starport  
  25  3:00  Hellion x2  
  25  3:04  SCV, Barracks Tech Lab  
  30  3:15  Supply Depot  
  30  3:16  SCV  
  31  3:22  Hellion  
  31  3:23  SCV  
  36  3:27  Hellion  
  36  3:29  SCV  
  37  3:35  SCV  
  38  3:42  Banshee, Cloaking Field  
  38  3:45  SCV, Marine  
  43  3:49  Bunker  
  43  3:50  SCV  
  44  3:57  Supply Depot, SCV  
  44  4:01  Hellion x2  
  49  4:06  Barracks Tech Lab  
  49  4:09  Supply Depot  
  49  4:10  SCV  
  50  4:19  SCV  
  51  4:25  Command Center  
  52  4:31  SCV, Banshee  
  52  4:36  SCV  
  56  4:44  Siege Tank, Marine x2  
  61  4:46  Refinery  
  61  4:49  Supply Depot  
  61  4:57  SCV x2  
  63  5:01  Marine  
  63  5:02  Marine  
  65  5:09  SCV  
  65  5:10  SCV, Barracks  
  65  5:11  Barracks  
  67  5:17  Siege Tank  
  67  5:20  Marine x2  
  72  5:22  SCV  
  72  5:26  Starport Reactor  
  72  5:27  SCV  
  74  5:32  Supply Depot  
  74  5:34  SCV  
  75  5:36  Engineering Bay x2  
  75  5:39  Orbital Command  
  75  5:45  Refinery  
  75  5:47  Marine x2  
  75  5:49  SCV x2  
  79  5:56  Siege Tank  
  82  5:59  Orbital Command  
  82  6:00  Barracks Tech Lab  
  82  6:01  Barracks Tech Lab  
  82  6:02  SCV  
  83  6:05  SCV, Marine  
  85  6:16  Marine  
  86  6:21  Combat Shields  
  86  6:22  Stimpack, Marine  
  86  6:23  Engineering Bay x2  
  85  6:29  Marine x2  
  80  6:41  Marine x2  
  80  6:42  Medivac x2  
  80  6:43  Siege Tank  
  85  6:47  SCV  
  85  6:48  SCV  
  85  6:49  Barracks x2  
  85  6:50  Barracks  
  87  6:54  SCV  
  87  6:59  SCV, Marine x2  
  87  7:00  SCV, Marauder  
  94  7:06  SCV  
  95  7:11  SCV  
  95  7:12  SCV, Medivac x2  
  101  7:21  Supply Depot  
  101  7:23  Supply Depot  
  101  7:25  SCV x2, Siege Tank, Armory  
  106  7:35  Marine x2  
  108  7:37  Barracks Reactor  
  108  7:38  Terran Infantry Weapons Level 1, Supply Depot x2, Terran Infantry Armor Level 1  
  108  7:41  Barracks Reactor  
  108  7:43  Marauder  
  110  7:44  SCV x2  
  110  7:47  Marine  
  110  7:48  Marauder  
  110  7:49  Liberator  
  113  7:52  Refinery, Marine  
  113  7:54  SCV  
  113  7:56  Refinery  
  115  8:09  Starport, Marine x2  
  115  8:10  SCV, Factory Reactor, Marauder  
  123  8:19  SCV x2  
  125  8:22  Command Center  
  125  8:25  Marine x3  
  128  8:34  Liberator  
  128  8:39  Marauder, Liberator, Marine x3  
  128  8:40  Marauder  
  135  8:49  Widow Mine  
  135  8:50  Marine, Widow Mine  
  135  8:51  Starport Reactor  
  135  8:52  SCV  
  141  8:55  Supply Depot x2, SCV  
  141  9:00  Marine  
  138  9:11  Barracks Tech Lab, Marine x2  
  138  9:16  Liberator  
  135  9:17  Terran Ship Weapons Level 1  
  135  9:19  SCV, Supply Depot x2  
  135  9:20  Widow Mine x2  
  135  9:22  Marine x2, Liberator  
  135  9:23  Marauder  
  144  9:25  Liberator  
  144  9:27  SCV  
  144  9:32  Medivac  
  144  9:35  Marine x3  
  144  9:36  Supply Depot, Marauder  
  154  9:39  SCV x2  
  154  9:41  SCV  
  154  9:42  Marine  
  154  9:43  Marauder  
  154  9:45  Marine x2  
  167  9:46  Marauder  
  167  9:53  Marine x3  
  167  9:57  Marauder  
  172  10:00  Marine  
  172  10:02  Marine  
  172  10:03  Marine  
  172  10:04  Planetary Fortress, Marauder  
  172  10:06  SCV  
  178  10:07  Marine  
  178  10:11  Marine  
  178  10:12  Marine  
  184  10:17  Liberator  
  184  10:20  Starport  
  182  10:29  Liberator  
  183  10:39  Terran Infantry Weapons Level 2, Terran Infantry Armor Level 2  
  183  10:40  Marine x4  
  183  10:41  SCV x2  
  178  10:51  SCV x2  
  178  10:53  SCV, Refinery  
  178  10:54  Refinery  
  181  11:00  Command Center x2  
  181  11:02  Liberator x2  
  180  11:13  Command Center  
  180  11:20  Fusion Core  
  180  11:21  Marine x2  
  180  11:22  Marauder, Medivac  
  192  11:28  Liberator x2  
  192  11:36  Liberator  
  192  11:44  Command Center, Missile Turret  
  192  11:45  Sensor Tower, Missile Turret  
  197  11:52  Command Center  
  199  12:06  Terran Ship Weapons Level 2  
  199  12:21  Command Center  
  199  12:22  Command Center  
  199  12:35  Marine  
  199  12:45  Liberator  
  198  12:52  Marauder, Marine x2  
  198  12:56  Orbital Command  
  196  12:58  Planetary Fortress  
  196  13:00  Command Center  
  196  13:03  Advanced Ballistics  
  196  13:05  Command Center  
  199  13:08  Marine  
  199  13:09  Liberator x2  
  199  13:10  Liberator  
  196  13:31  Ghost Academy  
  197  13:43  Medivac  
  197  13:48  Medivac  
  198  14:03  Ghost  
  198  14:07  Orbital Command, Liberator  
  199  14:11  Command Center  
  199  14:15  Planetary Fortress  
  199  14:16  Orbital Command  
  189  14:20  Marine, Medivac  
  189  14:21  Marine x2, Marauder  
  189  14:22  Marauder  
  192  14:28  Liberator  
  192  14:30  Refinery  
  192  14:31  Refinery, Sensor Tower, Ghost  
  192  14:32  Missile Turret  
  192  14:33  Barracks  
  192  14:41  Barracks  
  195  14:46  Ghost, Marine x3  
  197  14:53  Terran Infantry Weapons Level 3, Terran Infantry Armor Level 3  
  197  14:55  Terran Ship Weapons Level 3  
  197  14:58  Liberator x2  
  197  15:02  Ghost  
  197  15:03  Marine x2  
  193  15:08  Personal Cloaking  
  192  15:16  Ghost  
  200  15:24  Orbital Command  
  200  15:26  Orbital Command  
  200  15:31  Command Center  
  199  15:46  Marine x4  
  199  15:47  Marauder, Marine  
  194  15:51  Medivac x2  
  194  15:52  Liberator x2, Medivac  
  195  16:09  Liberator  
  195  16:18  Ghost  
  193  16:21  SCV  
  192  16:25  Marine  
  192  16:26  Marauder  
  198  16:33  SCV  
  198  16:42  Liberator  
  198  16:43  Liberator  
  198  16:46  SCV  
  199  16:54  Missile Turret x3  
  199  17:08  Planetary Fortress  
  199  17:15  Command Center  
  199  17:17  Refinery, Marine  
  199  17:18  Refinery  
  199  17:21  Command Center, Sensor Tower  
  200  17:47  Orbital Command  
  200  17:57  Marine x2  
  199  18:04  Ghost  
  199  18:05  Ghost  
  200  18:25  Marine x3  
  200  18:26  Barracks Tech Lab, Marauder  
  198  18:47  Marine x2  
  197  19:05  Marine, Medivac  
  197  19:06  Marine  
  197  19:08  Orbital Command  
  198  19:26  Ghost  
  197  19:38  Ghost  
  199  19:51  Command Center  
  199  19:58  Command Center x2  
  190  20:03  Ghost x2  
  190  20:04  Marine  
  190  20:05  Marauder, Marine  
  196  20:23  Refinery  
  196  20:24  Command Center, Missile Turret  
  196  20:25  Refinery, Missile Turret  
  196  20:30  Missile Turret  
  189  20:44  Marine  
  189  20:45  Marauder  
  189  20:47  Medivac x3  
  189  20:48  Planetary Fortress, Marine x2  
  195  20:57  Marine x2  
  195  20:58  Marauder  
  195  21:01  Marine  
  200  21:11  Orbital Command  
  195  21:16  Marine x5  
  198  21:19  Marauder  
  186  21:30  Marine  
  183  21:34  Marine x4  
  187  21:41  Marauder  
  189  21:48  Marine  
  189  21:51  Marine  
  189  21:52  Marine x2  
  193  21:55  Command Center  
  193  21:58  Marine  
  193  22:00  Missile Turret  
  193  22:01  Missile Turret  
  192  22:02  Marauder  
  192  22:06  Marine  
  192  22:07  Liberator  
  195  22:13  Missile Turret  
  194  22:21  Missile Turret  
  194  22:22  Missile Turret  
  193  22:23  Marauder  
  193  22:24  Marine x2  
  200  22:41  Missile Turret  
  200  22:47  Marine x2  
  197  22:55  Marauder, Marine x3  
  186  23:05  Marine  
  181  23:06  Planetary Fortress  
  181  23:12  Orbital Command  
  176  23:14  Liberator x2  
  176  23:16  Orbital Command  
  176  23:17  Liberator, Marauder  
  174  23:32  Marine  
  167  23:35  Marine  
  167  23:38  Marauder  
  167  23:39  Planetary Fortress, Missile Turret  
  167  23:40  Refinery x2  
  172  23:43  Command Center  
  172  23:45  Command Center  
  172  23:48  Orbital Command  
  165  23:59  Marauder  
  165  24:01  Command Center, Marine  
  165  24:02  Marine x3  
  171  24:04  Command Center  
  171  24:10  Liberator x2  
  169  24:21  Marauder  
  169  24:25  Missile Turret x2, Marine x2  
  169  24:26  Barracks Tech Lab, Missile Turret  
  169  24:30  Barracks x2  
  171  24:32  Orbital Command  
  171  24:34  Orbital Command  
  171  24:37  Barracks  
  171  24:42  Marauder  
  172  24:50  Marine  
  172  24:51  Marauder  
  174  24:54  Marine x3  
  177  25:04  Marauder  
  178  25:08  Marine  
  178  25:12  Marauder  
  178  25:13  Marine x2  
  183  25:15  Marine  
  183  25:22  Marine x2  
  183  25:24  Ghost  
  187  25:31  Refinery  
  187  25:32  Refinery  
  187  25:33  Marauder  
  181  25:45  Planetary Fortress  
  181  25:49  Orbital Command  
  178  25:50  Missile Turret  
  178  25:53  Marauder  
  178  25:54  Ghost  
  175  26:01  Medivac x2  
  165  26:14  Ghost  
  165  26:16  Liberator x3  
  167  26:20  Marine x6  
  167  26:23  Marauder  
  175  26:37  Marine  
  175  26:38  Marine  
  183  26:43  Marauder  
  183  26:45  Marauder  
  183  27:00  Barracks Tech Lab x2  
  183  27:05  Ghost, Marauder  
  186  27:16  Marine x3  
  189  27:26  Marauder  
  189  27:28  Ghost x2, Marine  
  193  27:32  Command Center  
  193  27:33  Command Center  
  193  27:34  Missile Turret, Marauder  
  193  27:36  Missile Turret  
  193  27:37  Liberator, Marine x3  
  193  27:38  Missile Turret  
  193  27:39  Missile Turret  
  195  27:48  Marauder  
  195  28:16  Liberator x2  
  161  28:30  Liberator  
  161  28:31  Liberator  
  161  28:33  Ghost x3  
  173  28:39  Marine  
  174  28:42  Ghost  
  182  28:52  Orbital Command  
  182  28:55  Marine x2  
  182  29:01  Ghost  
  182  29:02  Marauder  
  184  29:14  Marine  
  184  29:15  Marauder  
  187  29:21  Marauder, Marine x3  
  187  29:23  Marauder  
  194  29:30  Ghost  
  196  29:32  Marine  
  196  29:33  Liberator  
  196  29:36  Marauder  
  199  29:39  Marine  
  197  29:49  Liberator  
  197  29:50  Marine  
  197  29:51  Marine  
  196  29:53  Marauder, Marine x2  
  196  29:56  Marine  
  196  29:57  Marauder  
  196  29:59  Marauder  
  199  30:08  Marine  
  200  30:49  Planetary Fortress, Liberator x2  
  158  31:07  Marine x3  
  158  31:08  Marauder x2  
  161  31:28  Refinery  
  161  31:29  Marine  
  161  31:30  Marauder  
  161  31:32  Refinery  
  164  31:36  Liberator x2, Marine  
  165  31:54  Marine  
  166  32:09  Liberator, Marine x3  
  166  32:10  Marauder x2, Liberator  
  168  32:22  Orbital Command  
  160  32:33  Marine x2  
  160  32:34  Marauder  
  164  32:47  Medivac x2  
  164  32:48  Medivac  
  170  32:52  Liberator  
  170  32:53  Missile Turret  
  170  32:54  Marauder x2, Marine x2  
  159  33:11  Liberator x2  
  159  33:12  Liberator x2  
  162  33:20  Marauder, Orbital Command, Marine  
  177  33:36  Orbital Command  
  176  33:45  Orbital Command  
  176  33:52  Medivac  
  178  34:05  SCV  
  179  34:11  Medivac  
  179  34:13  SCV, Refinery, Missile Turret  
  179  34:16  Refinery  
  182  34:17  SCV  
  183  34:28  SCV  
  183  34:30  SCV, Orbital Command  
  173  34:40  SCV  
  173  34:51  Orbital Command  
  173  35:01  Liberator  
  170  35:15  Command Center  
  170  35:16  Command Center  
  172  35:48  SCV x4  
  166  35:59  Liberator x2, Orbital Command x2  
  166  36:00  Liberator  
  165  36:08  Orbital Command  
  165  36:17  Marauder, Marine  
  165  36:25  Planetary Fortress  
  165  36:41  SCV x2  
  165  36:42  Refinery  
  165  36:43  Refinery  
  167  36:48  SCV  
  167  36:49  Orbital Command  
  167  36:50  Ghost, Missile Turret, Marine  
  167  36:51  Marauder, Marine x2  
  167  36:53  Marauder x2, Marine  
  178  36:55  SCV x3  
  178  37:01  SCV  
  182  37:03  Liberator x2  
  182  37:08  Marine  
  183  37:16  Marine  
  183  37:17  Marauder x3, Marine x2  
  183  37:19  Marine  
  193  37:32  SCV  
  194  37:44  SCV  
  186  37:56  SCV  
  134  38:09  Refinery  
  134  38:10  Refinery  
Show
View Real Time Build Order
Export as new Build Order

Zanster Zerg 

Build Orders: Hatch First 

Get SALT Encoding   

  12  0:00  Drone  
  13  0:12  Overlord  
  13  0:17  Drone  
  14  0:32  Drone x2  
  16  0:37  Drone  
  17  0:51  Hatchery  
  17  0:55  Drone  
  17  0:58  Drone  
  17  1:01  Extractor  
  17  1:13  Spawning Pool  
  17  1:17  Drone  
  17  1:21  Drone  
  18  1:29  Drone  
  19  1:39  Overlord  
  19  2:01  Queen  
  21  2:02  Zergling x4  
  21  2:03  Queen  
  21  2:04  Zergling x2  
  21  2:07  Metabolic Boost  
  26  2:12  Drone  
  26  2:14  Drone  
  28  2:22  Drone  
  29  2:28  Drone  
  29  2:33  Drone  
  30  2:39  Queen  
  30  2:41  Queen  
  34  2:47  Drone  
  34  2:48  Overlord  
  34  2:50  Drone  
  36  3:06  Roach Warren  
  36  3:07  Drone  
  36  3:08  Drone x3  
  39  3:15  Drone x4  
  39  3:19  Overlord  
  43  3:22  Drone  
  44  3:28  Lair  
  44  3:42  Hatchery  
  44  3:44  Drone  
  44  3:46  Drone x2, Extractor x2  
  45  3:48  Drone  
  45  3:50  Drone  
  45  3:53  Drone x2  
  48  3:56  Drone  
  48  3:58  Drone  
  48  4:01  Overlord  
  50  4:12  Roach  
  50  4:13  Overlord  
  50  4:16  Overlord  
  52  4:20  Roach  
  52  4:21  Roach x2  
  58  4:24  Roach  
  60  4:33  Spore Crawler, Overseer  
  60  4:34  Drone  
  60  4:35  Drone x4  
  60  4:37  Overlord  
  64  4:39  Drone  
  65  4:46  Overlord  
  65  4:50  Evolution Chamber, Spore Crawler  
  65  4:51  Evolution Chamber  
  65  4:52  Drone  
  63  4:55  Drone  
  63  4:58  Drone  
  63  4:59  Drone  
  68  5:00  Drone x2  
  68  5:02  Drone  
  68  5:03  Drone  
  68  5:04  Drone  
  71  5:08  Drone  
  71  5:09  Baneling Nest  
  71  5:10  Drone  
  71  5:13  Drone  
  73  5:16  Drone  
  73  5:17  Zerg Melee Weapons Level 1  
  74  5:23  Overlord  
  74  5:27  Overseer  
  74  5:29  Drone  
  74  5:31  Drone x5  
  74  5:32  Extractor  
  74  5:35  Zerg Ground Armor Level 1  
  79  5:36  Queen  
  79  5:39  Overlord  
  81  5:46  Zergling x12  
  81  5:49  Overlord  
  87  5:54  Zergling x2  
  87  5:55  Zergling x2  
  87  5:56  Overlord  
  89  6:00  Extractor  
  89  6:01  Extractor  
  89  6:03  Centrifical Hooks  
  87  6:09  Drone x2  
  87  6:10  Drone  
  89  6:11  Infestation Pit  
  86  6:23  Zergling x18  
  94  6:30  Overlord  
  91  6:37  Drone x7  
  94  6:42  Drone  
  94  6:46  Queen  
  95  6:47  Hatchery, Drone  
  95  6:50  Hatchery  
  95  6:55  Hatchery  
  95  6:56  Zergling x6  
  97  7:02  Overlord  
  97  7:04  Zergling x4  
  97  7:06  Hive  
  97  7:08  Baneling x7  
  99  7:10  Zergling x2  
  99  7:15  Pneumatized Carapace  
  100  7:17  Drone x5  
  105  7:24  Hatchery, Overlord  
  105  7:25  Zergling x4  
  105  7:26  Zergling x8  
  110  7:32  Overlord  
  110  7:34  Zergling x2  
  110  7:37  Zergling x2  
  112  7:43  Zergling x4  
  114  7:48  Overlord  
  114  7:51  Zerg Ground Armor Level 2, Zerg Melee Weapons Level 2  
  105  7:56  Drone  
  105  7:57  Drone  
  107  8:01  Queen  
  107  8:02  Overlord  
  107  8:03  Drone x3  
  107  8:04  Drone x3  
  115  8:07  Overlord  
  115  8:09  Zergling x10  
  115  8:10  Zergling x2  
  120  8:16  Zergling x2  
  120  8:18  Queen  
  122  8:22  Adrenal Glands  
  122  8:23  Zergling x2  
  122  8:24  Ultralisk Cavern, Zergling x6  
  122  8:25  Baneling x4  
  125  8:37  Queen  
  125  8:38  Drone x2  
  124  8:48  Drone x2  
  125  8:50  Zergling x32  
  138  8:57  Zergling x6  
  140  9:02  Overlord  
  140  9:04  Zergling x12  
  140  9:09  Queen  
  148  9:15  Zergling x14  
  153  9:17  Chitinous Plating  
  153  9:23  Ultralisk x3  
  171  9:28  Ultralisk  
  177  9:33  Ultralisk  
  183  9:40  Ultralisk  
  189  9:51  Zergling x2  
  189  9:52  Zergling x18  
  199  9:53  Baneling x6  
  199  9:56  Burrow  
  199  9:58  Zergling x2  
  200  10:04  Extractor  
  200  10:05  Extractor  
  198  10:07  Spire  
  196  10:19  Zerg Ground Armor Level 3, Zerg Melee Weapons Level 3  
  193  10:42  Zergling x16  
  200  10:49  Drone  
  198  10:54  Spine Crawler x2  
  189  11:23  Baneling  
  189  11:25  Zerg Flyer Weapons Level 1  
  189  11:26  Viper x3  
  193  12:14  Zergling x2  
  193  12:15  Zergling x16  
  193  12:53  Corruptor x4  
  195  13:21  Overlord  
  195  13:33  Corruptor x2  
  199  13:37  Spire  
  196  13:52  Hatchery  
  195  14:01  Zerg Missile Weapons Level 1  
  185  14:52  Hatchery  
  183  14:55  Spine Crawler x2  
  178  15:34  Corruptor x4  
  186  15:38  Ultralisk x2  
  198  15:43  Hatchery  
  193  16:05  Drone  
  193  16:06  Drone x5  
  193  16:08  Spore Crawler  
  193  16:13  Drone x5  
  193  16:18  Spore Crawler  
  189  16:22  Drone  
  189  16:23  Drone x6  
  189  16:24  Spore Crawler  
  189  16:25  Drone  
  190  16:31  Drone  
  189  16:34  Drone x4  
  189  16:38  Spore Crawler, Drone x2  
  189  16:43  Zergling x20  
  189  16:44  Zerg Missile Weapons Level 2  
  189  16:46  Zerg Flyer Armor Level 1, Zerg Flyer Weapons Level 2  
  193  17:18  Spore Crawler  
  191  17:47  Extractor  
  183  17:59  Drone  
  183  18:00  Drone x10  
  183  18:04  Spine Crawler  
  183  18:05  Extractor  
  191  18:06  Spine Crawler x2  
  191  18:10  Drone x4  
  188  18:15  Zergling x14  
  188  18:16  Zergling x10  
  185  18:35  Drone x10  
  185  18:39  Overlord x2  
  185  18:40  Overlord  
  194  18:45  Overlord x2  
  190  19:03  Corruptor x3  
  190  19:05  Zerg Flyer Weapons Level 3, Zerg Flyer Armor Level 2  
  182  19:24  Drone  
  182  19:25  Drone x2  
  182  19:29  Ultralisk x2  
  182  19:30  Zergling x18  
  200  19:50  Drone  
  200  19:59  Hatchery  
  196  20:00  Drone x2  
  196  20:03  Extractor  
  197  20:14  Extractor  
  196  20:15  Extractor  
  195  20:31  Zergling x2  
  195  20:32  Zergling x4  
  199  20:41  Overseer x3  
  199  20:42  Overlord x3  
  197  20:43  Overlord  
  188  20:50  Drone  
  188  20:51  Drone x5  
  188  21:02  Drone  
  188  21:03  Drone x7  
  188  21:16  Zergling x24  
  184  21:32  Drone x2, Spine Crawler  
  162  21:35  Spine Crawler  
  161  21:58  Drone x2  
  162  22:07  Drone  
  162  22:08  Drone x2  
  165  22:09  Drone x3  
  165  22:11  Zergling x2  
  165  22:12  Ultralisk x4, Zergling x8  
  196  22:16  Hatchery  
  193  22:33  Overlord  
  193  22:34  Overlord x2  
  186  22:39  Hatchery  
  186  22:41  Overseer  
  186  22:42  Overseer x2  
  162  22:44  Viper x2  
  162  22:45  Viper  
  162  22:50  Ultralisk x3  
  162  22:51  Zergling x12  
  165  23:02  Ultralisk x6, Zergling x2  
  165  23:03  Zergling x2  
  180  23:35  Corruptor  
  180  23:36  Corruptor x11  
  180  23:37  Viper x2  
  195  23:41  Drone  
  195  23:42  Drone x4  
  197  24:46  Overlord x3  
  195  25:17  Drone x5  
  195  25:18  Drone x8  
  195  25:19  Drone x2  
  196  25:38  Greater Spire  
  189  26:01  Zergling x12  
  189  26:02  Zergling x34  
  199  26:21  Hatchery x2  
  197  26:26  Extractor  
  196  26:43  Corruptor  
  198  26:53  Zerg Flyer Armor Level 3  
  198  26:55  Drone x2  
  197  27:18  Queen  
  194  27:30  Drone x3  
  197  27:51  Overseer  
  197  27:55  Spore Crawler  
  195  28:09  Zergling x10  
  166  28:30  Viper x2  
  166  28:32  Ultralisk  
  166  28:33  Ultralisk x3  
  176  28:36  Zergling x28  
  176  28:37  Zergling x18  
  198  29:08  Drone  
  199  29:15  Baneling x10  
  197  29:31  Hatchery  
  194  29:57  Overlord x2  
  194  29:58  Hatchery  
  192  30:26  Zergling x16  
  192  30:28  Overlord  
  164  31:07  Zergling x16  
  164  31:08  Zergling x26  
  164  31:10  Overseer x2  
  177  31:12  Overseer x2  
  177  31:23  Viper x5  
  186  31:27  Overlord  
  186  31:30  Overseer x2  
  186  31:39  Drone  
  187  31:40  Drone x7  
  194  31:49  Baneling x9  
  194  31:50  Baneling x4  
  194  31:51  Baneling x7  
  184  32:12  Zergling x24  
  184  32:13  Zergling x2  
  184  32:15  Drone x2  
  197  32:18  Extractor  
  197  32:19  Extractor  
  197  32:20  Drone  
  197  32:22  Drone  
  164  33:14  Drone x3  
  164  33:15  Drone x4  
  164  33:19  Zergling x18  
  181  33:20  Zergling x10  
  182  33:53  Infestor x2  
  183  34:18  Zergling x8  
  183  34:19  Zergling x10  
  183  34:20  Hatchery  
  183  34:21  Overlord  
  190  34:51  Infestor x2  
  194  34:53  Overlord x2  
  194  34:58  Hatchery  
  192  35:08  Overlord  
  172  36:10  Hatchery, Drone  
  157  36:56  Viper x2  
  160  37:25  Zergling x2  
  160  37:26  Zergling x24  
  153  37:56  Zergling x6  

Tags
 
Add a new tag
Caveats
  • Supply blocks, unpowered buildings, or Contaminate may cause inaccurate times.
  • Supply counts are checked every 10 seconds.